 Dungeon Crawl Stone Soup version 0.27-a0-543-gd81048afd2 (webtiles) character file.

Game seed: 7778330675460205477

65 Leibowitz the Covered (level 3, -3/33 HPs)
             Began as a Minotaur Fighter on Mar 7, 2021.
             Slain by Terence
             ... wielding a +0 flail
              (10 damage)
             ... on level 2 of the Dungeon.
             The game lasted 00:01:50 (1162 turns).

Leibowitz the Covered (Minotaur Fighter)            Turns: 1162, Time: 00:01:51

Health: -3/33      AC:  7    Str: 21    XL:     3   Next: 94%
Magic:  2/2        EV:  9    Int:  5    God:
Gold:   156        SH:  0    Dex:  9    Spells: 2/2 levels left

rFire    . . .     SeeInvis .   a - +0 war axe
rCold    . . .     Faith    .   (no shield)
rNeg     . . .     Spirit   .   b - +0 scale mail
rPois    .         Reflect  .   (helmet restricted)
rElec    .         Harm     .   (no cloak)
rCorr    .         Rampage  .   (no gloves)
Will     .....                  (no boots)
Stlth    ..........             (no amulet)
HPRegen  0.11/turn              (no ring)
MPRegen  0.08/turn              (no ring)

@: no status effects
A: horns 2, retaliatory headbutt
a: no special abilities


You were on level 2 of the Dungeon.
You visited 1 branch of the dungeon, and saw 2 of its levels.

You collected 156 gold pieces.

Inventory:

Hand Weapons
 a - a +0 war axe (weapon)
Armour
 b - a +0 scale mail (worn)
Wands
 l - a wand of random effects (10)
 m - a wand of charming (9)
Scrolls
 c - 3 scrolls of identify {unknown}
 g - a scroll of immolation {unknown}
 h - a scroll of amnesia {unknown}
 i - a scroll of magic mapping {unknown}
 n - a scroll of teleportation {unknown}
Potions
 d - 2 potions of might
 e - a potion of invisibility {unknown}
 f - a potion of degeneration {unknown}
 j - a potion of curing {unknown}
 k - a potion of berserk rage {unknown}
 o - a potion of mutation {unknown}


   Skills:
 + Level 4.1 Fighting
 + Level 3.3 Axes
 + Level 4.4 Armour
 + Level 0.2 Dodging
 + Level 4.2 Shields


You had 2 spell levels left.
You didn't know any spells.
Your spell library was empty.

Dungeon Overview and Level Annotations

Branches:
Dungeon (2/15)

Altars:

Annotations:
D:2 Terence


Innate Abilities, Weirdness & Mutations

You have a pair of horns on your head.
You reflexively headbutt those who attack you in melee.


Message History

Aim: Terence, wielding a +0 flail and wearing a +2 chain mail of poison resistance Terence seems to speed up.
Aiming: Random Effects
Press: ? - help, Shift-Dir - straight line, f/p - Terence
Aim: Terence, wielding a +0 flail and wearing a +2 chain mail of poison resistance (fast) Terence flickers and vanishes!
Deactivating autopickup; reactivate with Ctrl-A.
Aiming: Random Effects
Press: ? - help, Shift-Dir - straight line Nothing appears to happen.
Aiming: Random Effects
Press: ? - help, Shift-Dir - straight line Nothing appears to happen.
You hit something.
You hear a shout!
You headbutt something. Something hits you.
Something hits you but does no damage.
You hit something but do no damage. Something hits you but does no damage.
You miss something. Your headbutt misses something.
Something hits you but does no damage. x2
You hit something. You headbutt something. Something hits you.
You barely miss something. You headbutt something. Something hits you. x2
You closely miss something. Something hits you. x2
You miss something. You headbutt something. Something hits you.
You barely miss something. You headbutt something.
Something hits you but does no damage. x2
You barely miss something. Your headbutt misses something.
Something hits you but does no damage. Something hits you.
You hit something but do no damage. Something hits you.
* * * LOW HITPOINT WARNING * * *
You hit something but do no damage. Something completely misses you.
Something hits you but does no damage.
You closely miss something. Something hits you.
* * * LOW HITPOINT WARNING * * *
Something hits you.
* * * LOW HITPOINT WARNING * * *
You hit something. You headbutt something.
Something hits you but does no damage.
You miss something. Something hits you but does no damage. Something hits you!
You die...

#........#
#........###.#
#.###....# #.#
#..#.###.#####.#
#..#...........#
#..#####.####### #..#
#.# #..#####.#
#....{@..# ......#####
#.###.#.#### #####
#.#.##.......# #...#
.............# ###...###
#............###.......#
...#.<.............<..#
............###.......#
#........# ###...#####


There were no monsters in sight!

Vanquished Creatures
  Jessica (D:2)
  An adder (D:2)
  2 worms (D:2)
  3 dart slugs
  2 giant cockroaches
  3 hobgoblins
  4 kobolds
  A bat (D:1)
  3 frilled lizards (D:1)
  2 rats
22 creatures vanquished.

Notes
Turn   | Place    | Note
-------+----------+-------------------------------------------
     0 | D:1      | Leibowitz the Minotaur Fighter began the quest for the Orb.
     0 | D:1      | Reached XP level 1. HP: 19/19 MP: 0/0
   237 | D:1      | Reached XP level 2. HP: 27/27 MP: 1/1
   966 | D:2      | Noticed Jessica
   969 | D:2      | Killed Jessica
   970 | D:2      | Reached XP level 3. HP: 33/33 MP: 2/2
  1144 | D:2      | Noticed Terence
  1162 | D:2      | Slain by Terence

Illustrated notes

Levels and vault maps discovered:
D:1:      lemuel_arrival_rhombus, layout_basic
D:2:      layout_loops_corners, general_overflow_altar, uniq_jessica,
          uniq_terence

Skill      XL: |  1  2 |
---------------+-------+-----
Armour         | 4 |  4.4
Shields        | 4 |  4.2
Fighting       | 4 |  4.1
Axes           | 3 |  3.3
Dodging        | |  0.2

Action                   || total
-------------------------++-------
Melee: War axe           ||    58
       Headbutt          ||    11
Evoke: Wand              ||     4
Armor: Scale mail        ||    37
Dodge: Dodged            ||    19

Table legend: (Time is in decaauts)
 A = Elapsed time spent in this place.
 B = Non-inter-level travel time spent in this place.
 C = Inter-level travel time spent in this place.
 D = Time resting spent in this place.
 E = Time spent auto-exploring this place.
 F = Levels seen in this place.
 G = Mean time per level.
                   A        B        C        D        E       F      G
               +--------+--------+--------+--------+--------+-----+--------+
         Total |   1182 |   1175 |      7 |      0 |    942 |   2 |  591.0 |
       Dungeon |   1182 |   1175 |      7 |      0 |    942 |   2 |  591.0 |
               +--------+--------+--------+--------+--------+-----+--------+

Top non-repeatable levels by time:
     D:1: 785 daAuts
     D:2: 396 daAuts
